 Dungeon Crawl Stone Soup version 0.21.1-1-g345015fe64 (webtiles) character file.

327 Holzbalken the Slasher (level 6, 0/44 HPs)
             Began as a Vampire Gladiator on July 8, 2018.
             Slain by Duvessa
             ... wielding a +0 short sword
              (5 damage)
             ... on level 4 of the Dungeon.
             The game lasted 00:15:56 (4073 turns).

Holzbalken the Slasher (Vampire Gladiator)          Turns: 4073, Time: 00:15:58

Health: 0/44       AC:  4    Str: 13    XL:     6   Next: 24%
Magic:  6/6        EV: 14    Int: 10    God:
Gold:   163        SH:  5    Dex: 18    Spells: 5/5 levels left

rFire    . . .     SeeInvis +   a - +0 long sword
rCold    + . .     Gourm    .   i - +0 buckler
rNeg     + + .     Faith    .   r - +0 leather armour
rPois    +         Spirit   .   c - +0 helmet
rElec    .         Reflect  .   (no cloak)
rCorr    .         Harm     .   (no gloves)
MR       .....                  (no boots)
Stlth    ++........             (no amulet)
HPRegen  0.07/turn              f - +2 ring of slaying
MPRegen  0.10/turn              (no ring)

@: regenerating slowly
A: fangs 3, see invisible, unbreathing
a: Bat Form


You were on level 4 of the Dungeon.
You were very thirsty.

You visited 1 branch of the dungeon, and saw 4 of its levels.

You collected 163 gold pieces.

Inventory:

Hand Weapons
 a - a +0 long sword (weapon)
 b - a +0 club
Missiles
 d - 2 throwing nets (quivered)
Armour
 c - a +0 helmet (worn)
 i - a +0 buckler (worn)
 o - a +0 leather armour
 r - a +0 leather armour (worn)
Jewellery
 f - a +2 ring of slaying (left hand)
Scrolls
 g - a scroll of remove curse {unknown}
 k - a scroll of magic mapping
 m - a scroll of random uselessness {unknown}
 p - a scroll of teleportation {unknown}
 q - a scroll of blinking {unknown}
Potions
 e - 23 potions of blood
 h - 3 potions of brilliance
 j - a potion of lignification


   Skills:
 - Level 1.9 Fighting
 * Level 5.2 Long Blades
 - Level 1.6 Throwing
 + Level 4.6 Dodging
 * Level 3.0 Shields


You had 5 spell levels left.
You didn't know any spells.

Dungeon Overview and Level Annotations

Branches:
Dungeon (4/15)
 Temple: D:4-7

Altars:
Okawaru

Annotations:
D:4 Dowan, Duvessa


Innate Abilities, Weirdness & Mutations

You heal slowly.
You have razor-sharp teeth.
You have supernaturally acute eyesight. (SInv)
You can survive without breathing.


Message History

The puff of flame hits you! Duvessa misses you.
You closely miss Duvessa.
Duvessa is heavily wounded.
Dowan gestures at Duvessa while chanting.
Duvessa seems to speed up.
Duvessa hits you with a short sword!
You slash Duvessa!
Duvessa is almost dead.
Duvessa hits you with a short sword! Dowan completely misses you.
You riposte.
You closely miss Dowan. Duvessa hits you with a short sword.
* * * LOW HITPOINT WARNING * * *
Dowan gestures at you while chanting. The puff of frost hits you! You resist.
* * * LOW HITPOINT WARNING * * *
You hit Duvessa.
Duvessa is almost dead.
Duvessa says, "My weaknesses are his strengths!"
Duvessa hits you with a short sword.
* * * LOW HITPOINT WARNING * * *
You block Dowan's attack. Duvessa hits you with a short sword.
You die...

#.#.## #..# #.###.#..##.#
#.#..# #..# #.# #.#..#*,#
#.##.###..# #.# #.#..#*,*
#.##..##..# #.# #.#..#*,*
#.###.##..# #.# #.#..#*,* #.#
#..#..* #.# #.#..#*,*
#.####.#..####.###.#..#*,*
#.........e......#.#,,**,*
*****######....e@......<..,,,,*
*,,,,,,,..##...###########*****
*,******#.##...# *,* #.##..e#
*,#######.###..#
*,.......<.....#
**###########.##
,,,,,,,,,,,,,>* *************,*


You could see Duvessa and Dowan.

Vanquished Creatures
  A scorpion (D:4)
  A crimson imp (D:4)
  An orc wizard (D:3)
  Jessica (D:2)
  A bullfrog skeleton (D:4)
  A worker ant (D:4)
  A gnoll (D:1)
  4 adders
  A dart slug (D:2)
  A leopard gecko (D:1)
  5 orcs (D:3)
  2 ball pythons
  5 bats
  7 giant cockroaches
  4 goblins
  4 hobgoblins
  17 jackals
  7 kobolds
  3 quokkas (D:3)
  8 frilled lizards
  A leopard gecko skeleton (D:4)
  A quokka zombie (D:3)
  9 rats
86 creatures vanquished.

Notes
Turn   | Place    | Note
-------+----------+-------------------------------------------
     0 | D:1      | Holzbalken the Vampire Gladiator began the quest for the Orb.
     0 | D:1      | Reached XP level 1. HP: 16/16 MP: 1/1
     8 | D:1      | Reached XP level 2. HP: 3/22 MP: 2/2
  1076 | D:2      | Reached XP level 3. HP: 27/27 MP: 3/3
  1396 | D:2      | Noticed Jessica
  1403 | D:2      | Killed Jessica
  1403 | D:2      | Reached skill level 1 in Shields
  1678 | D:2      | Reached skill level 4 in Long Blades
  1679 | D:2      | Reached XP level 4. HP: 31/33 MP: 4/4
  2252 | D:3      | Reached XP level 5. HP: 20/38 MP: 5/5
  3749 | D:4      | Found an iron altar of Okawaru.
  3780 | D:4      | Reached skill level 5 in Long Blades
  3780 | D:4      | Reached XP level 6. HP: 42/44 MP: 6/6
  3975 | D:4      | Noticed Dowan
  3993 | D:4      | Noticed Duvessa
  4073 | D:4      | Slain by Duvessa

Skill      XL: |  1  2  3  4  5  6 |
---------------+-------------------+-----
Dodging        | 4 |  4.6
Shields        | 1 2 3 |  3.0
Long Blades    | 4 5 |  5.2
Fighting       | |  1.9
Throwing       | |  1.6

Action                   |  1- 3 |  4- 6 || total
-------------------------+-------+-------++-------
Melee: Long sword        |    60 |   148 ||   208
       Bite              |    11 |    18 ||    29
Throw: Throwing net      |       |     1 ||     1
  Use: Potion            |       |     8 ||     8
       Scroll            |       |     3 ||     3
 Stab: Sleeping          |     1 |     7 ||     8
       Distracted        |       |     1 ||     1
Armor: Leather armour    |    18 |    33 ||    51
Dodge: Dodged            |    51 |    89 ||   140
Block: Buckler           |     5 |    29 ||    34
       Rpst.: Long sword |    22 |    25 ||    47
